 Dungeon Crawl Stone Soup version 0.17-a0-146-gd505748 (webtiles) character file.

317 Emanloe the Covered (level 6, -12/38 HPs)
             Began as a Gargoyle Fighter on Mar 25, 2015.
             Killed by divine providence
             ... invoked by an orc priest
              (16 damage)
             ... on level 4 of the Dungeon.
             The game lasted 00:11:02 (3313 turns).

Emanloe the Covered (Gargoyle Fighter)              Turns: 3313, Time: 00:11:03

Health: -12/38     AC: 11    Str: 20    XL:     6   Next: 45%
Magic:  6/6        EV:  6    Int:  8    God:
Gold:   164        SH: 14    Dex: 11    Spells: 0 memorised, 5 levels left

rFire  . . .     SeeInvis .     a - +0 flail
rCold  . . .     Clarity  .     b - +0 scale mail
rNeg   + . .     SustAb   .     f - +0 large shield
rPois  ∞         Gourm    .     (no helmet)
rElec  +         Spirit   .     (no cloak)
rCorr  .         Warding  .     (no gloves)
rMut   .         Stasis   .     (no boots)
MR     .....                    (no amulet)
Stlth  +.........               (no ring)
                                (no ring)

@: not resistant to hostile enchantments, very unstealthy
A: negative energy resistance 1, electricity resistance, unbreathing,
petrification resistance, rot immunity, AC +4
a: no special abilities


You were on level 4 of the Dungeon.
You were not hungry.

You visited 1 branch of the dungeon, and saw 4 of its levels.
You also visited: Sewer.

You collected 164 gold pieces.

Inventory:

Hand weapons
 a - a +0 flail (weapon)
Armour
 b - a +0 scale mail (worn)
 f - a +0 large shield (worn)
Scrolls
 h - 6 scrolls of teleportation
Potions
 e - a potion of might
 g - a potion of curing
 j - a potion of agility
 k - a potion of brilliance {unknown}
Books
 i - a Necronomicon {highlevel, unknown}

   This book is beyond your current level of understanding.

   Spells                             Type                      Level
   a - Haunt                          Necromancy/Summoning         7
   b - Borgnjor's Revivification      Necromancy                   8
   c - Death's Door                   Charms/Necromancy            8
   d - Necromutation                  Transmutation/Necromancy     8
Comestibles
 d - 3 bread rations


   Skills:
 + Level 3.7 Fighting
 * Level 3.9 Maces & Flails
 + Level 4.1 Armour
 * Level 2.3 Dodging
 + Level 2.6 Stealth
 + Level 4.0 Shields


You had 5 spell levels left.
You didn't know any spells.

Dungeon Overview and Level Annotations

Branches:
Dungeon (4/15)
 Temple: D:4-7

Altars:
Ashenzari
Elyvilon
Okawaru


Innate Abilities, Weirdness & Mutations

You are resistant to torment.
You are immune to poison.
Your stone body is very resilient (AC +4).
You resist negative energy.
You are resistant to electric shocks.
You can survive without breathing.
You are immune to petrification.
You are immune to rotting.


Message History

No target in view!
You start resting.
There is a stone staircase leading down here.
You start resting.
HP restored.
Done exploring.
You climb downwards.
You block the kobold's attack.
The orc priest calls down the wrath of Beogh upon you.
Something smites you! The orc hits you but does no damage.
There is a stone staircase leading up here.
Your shield and scale mail prevent you from hitting the orc priest.
The orc priest invokes the aid of Beogh against you.
Pain shoots through your body! The kobold barely misses you.
The orc priest invokes the aid of Beogh against you.
Something smites you!
* * * LOW HITPOINT WARNING * * *
The orc hits you but does no damage.
The orc priest invokes the aid of Beogh against you.
Something smites you!
You die...

.....# ##..# ...#
##.## .# #..##
##o.# #..## .
#####o(.#####..#
##......o........
.......oo........
..######@........
. #.K........#
#............
.............##
...........$##
.####......#
#.....## ##....#
#..


You could see 3 orc priests, 2 orcs and a kobold.

Vanquished Creatures
  An orc priest (D:3)
  An orc wizard (D:3)
  2 river rats (Sewer)
  3 gnolls (D:3)
  8 adders
  3 worms
  3 giant geckos
  14 orcs (D:3)
  9 ball pythons
  6 goblins
  6 hobgoblins
  5 jackals
  5 quokkas
  13 bats
  3 giant cockroaches (D:3)
  4 giant newts (Sewer)
  10 kobolds
  19 rats
115 creatures vanquished.

Notes
Turn   | Place    | Note
--------------------------------------------------------------
     0 | D:1      | Emanloe, the Gargoyle Fighter, began the quest for the Orb.
     0 | D:1      | Reached XP level 1. HP: 14/14 MP: 1/1
   117 | D:1      | Reached XP level 2. HP: 19/19 MP: 2/2
   979 | D:2      | Reached skill level 1 in Dodging
   979 | D:2      | Reached XP level 3. HP: 23/23 MP: 3/3
   992 | D:2      | Found a white marble altar of Elyvilon.
  1016 | D:2      | Found a shattered altar of Ashenzari.
  1223 | D:2      | Reached skill level 1 in Stealth
  1236 | D:2      | Reached XP level 4. HP: 17/28 MP: 4/4
  1864 | D:3      | Reached XP level 5. HP: 27/32 MP: 5/5
  1899 | D:3      | Reached skill level 4 in Armour
  2061 | D:3      | Found an iron altar of Okawaru.
  2154 | D:3      | Reached XP level 6. HP: 37/37 MP: 6/6
  2264 | D:3      | Found a glowing drain.
  2296 | Sewer    | Entered a sewer
  2879 | D:3      | Found a shattered altar of Ashenzari.
  3313 | D:4      | Killed from afar by an orc priest

Action                   |  1- 3 |  4- 6 || total
-------------------------+-------+-------++-------
Melee: Flail             |   138 |   371 ||   509
  Use: Scroll            |     4 |     8 ||    12
       Potion            |     3 |     4 ||     7
  Eat: Fruit             |     3 |       ||     3
       Meat ration       |       |     2 ||     2
